 Dungeon Crawl Stone Soup version 0.31-a0-876-gfe8ebadbca (webtiles) character file.

Game seed: 4535030942622587735

547 Bnni the Grave Robber (level 7, -6/52 HPs)
             Began as a Demonspawn Necromancer on Oct 14, 2023.
             Killed from afar by Dowan (17 damage)
             ... with a stone arrow
             ... on level 4 of the Dungeon.
             The game lasted 00:06:26 (4215 turns).

Bnni the Grave Robber (Demonspawn Necromancer)      Turns: 4215, Time: 00:06:26

Health: -6/52      AC:  4    Str:  8    XL:     7   Next: 7%
Magic:  2/12       EV: 12    Int: 18    God:
Gold:   190        SH:  5    Dex: 18    Spells: 5/13 levels left

rFire   . . .        u - +0 dagger (venom)
rCold   . . .        (no shield)
rNeg    . . .        a - +0 robe
rPois   .            (helmet restricted)
rElec   .            t - +0 cloak
rCorr   .            f - +0 pair of gloves
SInv    .            (no boots)
Will    .....        o - amulet of reflection
Stlth   ++++         (no ring)
HPRegen 0.28/turn    (no ring)
MPRegen 0.13/turn

%: reflection
@: animating dead
A: antennae 2, thin skeletal structure 2, foul stench 1
a: no special abilities


You were on level 4 of the Dungeon.
You visited 1 branch of the dungeon, and saw 4 of its levels.

You collected 190 gold pieces.

Inventory:

Hand Weapons
 k - a +3 dagger
 n - a +4 short sword
 s - a +0 trident
 u - a +0 dagger of venom (weapon)
Armour
 a - a +0 robe (worn)
 f - a +0 pair of gloves (worn)
 t - a +0 cloak (worn)
Jewellery
 o - an amulet of reflection (around neck)
Scrolls
 d - a scroll of enchant weapon {unknown}
 g - 4 scrolls of identify
 j - a scroll of immolation {unknown}
 m - a scroll of brand weapon
 r - a scroll of poison {unknown}
Potions
 b - a potion of magic
 c - 4 potions of enlightenment {unknown}
 h - 2 potions of cancellation {unknown}
 i - 2 potions of curing
 l - a potion of degeneration {unknown}
 p - a potion of heal wounds {unknown}
 q - a potion of might {unknown}


   Skills:
 + Level 3.4 Fighting
 - Level 1.7 Dodging
 - Level 1.7 Stealth
 + Level 3.8 Spellcasting
 * Level 7.3 Necromancy


You had 5 spell levels left.
You knew the following spells:

 Your Spells              Type           Power      Damage    Failure   Level
a - Necrotise             Necr           100%       1d9       1%          1
c - Vampiric Draining     Necr           29%        2d8       2%          3
d - Animate Dead          Necr           29%        N/A       8%          4

Your spell library contained the following spells:

 Spells                   Type           Power      Damage    Failure   Level
 Agony                    Necr           29%        N/A       21%         5
 Ensorcelled Hibernation  Hex/Ice        6%         N/A       22%         2
 Passwall                 Tmut/Erth      2%         N/A       22%         2
 Swiftness                Air            3%         N/A       41%         3


Dungeon Overview and Level Annotations

Branches:
Dungeon (4/15)
 Temple: D:4-7

Altars:
Hepliaklqana
Wu Jian
Xom

Annotations:
D:4 Dowan


Innate Abilities, Weirdness & Mutations

You have a pair of antennae on your head.
You have a moderately thin skeletal structure. (Dex +4, Stealth++)
You may rarely emit foul miasma when damaged in melee.


Message History

* * * LOW HITPOINT WARNING * * *
Your scorpion zombie hits Dowan.
You hit the adder.
You kill the adder!
The dead are slithering!
Dowan hits your scorpion zombie with a +0 short sword.
You block the scorpion's attack.
Your scorpion zombie hits Dowan.
Unknown command.
You swap places.
Dowan hits your scorpion zombie with a +0 short sword.
The scorpion closely misses you.
Your adder zombie closely misses the scorpion.
Your scorpion zombie hits Dowan.
Dowan hits your scorpion zombie with a +0 short sword.
Found a stone staircase leading down.
The scorpion barely misses you.
Duvessa hits the scorpion.
Dowan hits your scorpion zombie but does no damage.
Your adder zombie barely misses the scorpion.
Your scorpion zombie hits Dowan.
You hit the scorpion but do no damage.
The scorpion is poisoned.
The scorpion is lightly wounded.
Dowan casts a spell.
Dowan blinks!
The scorpion barely misses you.
Duvessa hits the scorpion.
Your adder zombie bites the scorpion but does no damage.
The scorpion closely misses you.
Unknown command.
You hit the scorpion.
The scorpion looks as sick as possible!
The scorpion is moderately wounded.
The endoplasm hits your scorpion zombie but does no damage.
Your adder zombie closely misses the scorpion.
The scorpion stings you.
* * * LOW HITPOINT WARNING * * *
Duvessa barely misses the scorpion.
Throw: throwing net
Press: ? - help, Shift-Dir - straight line, f - Dowan
Aim: Dowan, wielding a +0 short sword and wearing a +0 robe of willpower (almost dead, fast, ally target, 48% to hit)
You throw a throwing net. The throwing net barely misses Dowan.
Dowan points at you and mumbles some strange words.
The stone arrow hits you!
You die...

♣♣.....>..###.......#~≈≈~
♣♣....................~≈≈~
♣...≈~≈.....##.......#~~≈≈
...≈≈~≈≈..#..#.......##~≈≈
...~~♣~~.....#..#######~~≈
...≈≈~≈≈.....#.## ##~≈
♣..§≈~≈......#.# #~≈
♣....)Z.......# #~~
♣♣.J..Zs@.....### #.~
♣♣Z####.###.....## #.~ #<
e......##..# #.~ #
.(##..#...#.#####~~ .#.
..........)...~≈ ..##
.##..##.##<###~≈ >.
##....##..#~~≈ #.
###...##.#~≈≈ ##..##..~≈≈


You could see Dowan (fast, ally target), a scorpion (extremely poisoned, ally
target), an endoplasm, a friendly adder zombie, a friendly scorpion zombie and
the friendly Duvessa the elf zombie.

Vanquished Creatures
  Duvessa (D:4)
  A scorpion (D:4)
  Crazy Yiuf (D:4)
  A hound (D:4)
  A gnoll bouda (D:3)
  2 orc priests (D:3)
  5 gnolls (D:3)
  7 adders
  A worm (D:4)
  A dart slug (D:3)
  15 orcs
  4 ball pythons (D:1)
  4 bats
  4 endoplasms
  A giant cockroach (D:2)
  13 goblins
  9 hobgoblins
  4 jackals (D:2)
  4 quokkas
  3 frilled lizards
  6 kobolds
  4 rats
92 creatures vanquished.

Vanquished Creatures (collateral kills)
  An adder (D:4)
  A dart slug (D:4)
  An orc (D:3)
  A ball python (D:1)
  A goblin (D:4)
5 creatures vanquished.

Grand Total: 97 creatures vanquished

Notes
Turn   | Place    | Note
-------+----------+-------------------------------------------
     0 | D:1      | Bnni the Demonspawn Necromancer began the quest for the
                  | Orb.
     0 | D:1      | Reached XP level 1. HP: 13/13 MP: 3/3
   361 | D:1      | Gained mutation: You may rarely emit foul miasma when
                  | damaged in melee. [demonic ancestry]
   361 | D:1      | Reached XP level 2. HP: 20/20 MP: 3/5
  1065 | D:2      | Reached skill level 1 in Fighting
  1309 | D:2      | Reached skill level 5 in Necromancy
  1342 | D:2      | Reached XP level 3. HP: 22/26 MP: 3/6
  1940 | D:2      | Learned a level 3 spell: Vampiric Draining
  1982 | D:2      | Gained mutation: You have a somewhat thin skeletal
                  | structure. (Dex +2, Stealth+) [demonic ancestry]
  1982 | D:2      | Reached XP level 4. HP: 14/33 MP: 0/7
  2403 | D:3      | Found a hazy altar of Hepliaklqana.
  2403 | D:3      | Found a shimmering altar of Xom.
  2411 | D:3      | Found an ornate altar of the Wu Jian Council.
  2413 | D:3      | Found a faded altar of an unknown god.
  2415 | D:3      | Found a faded altar of an unknown god.
  2474 | D:3      | HP: 1/33 [orc/+4 short sword (8)]
  2649 | D:3      | Gained mutation: You have a moderately thin skeletal
                  | structure. (Dex +4, Stealth++) [demonic ancestry]
  2649 | D:3      | Reached XP level 5. HP: 17/38 MP: 3/9
  2813 | D:3      | Learned a level 4 spell: Animate Dead
  2875 | D:3      | Reached skill level 6 in Necromancy
  3497 | D:3      | Gained mutation: You have a pair of small antennae on your
                  | head. [demonic ancestry]
  3497 | D:3      | Reached XP level 6. HP: 46/46 MP: 10/10
  3929 | D:4      | Found a runed translucent door.
  3930 | D:4      | Noticed Crazy Yiuf
  4013 | D:4      | Killed Crazy Yiuf
  4186 | D:4      | Noticed Duvessa
  4192 | D:4      | Noticed Dowan
  4205 | D:4      | Reached skill level 7 in Necromancy
  4205 | D:4      | Killed Duvessa
  4206 | D:4      | Gained mutation: You have a pair of antennae on your head.
                  | [demonic ancestry]
  4206 | D:4      | Reached XP level 7. HP: 22/52 MP: 4/12
  4215 | D:4      | Killed from afar by Dowan

Illustrated notes

Levels and vault maps discovered:
D:1:      dpeg_arrival_oval, layout_loops_ring
D:2:      layout_loops_corners
D:3:      corexii_shack_village, layout_basic,
          chequers_temple_overflow_minitemple, nicolae_hexahallways,
          minmay_surrounded
D:4:      wander_river, layout_rooms, elyvilon_altar_3, uniq_crazy_yiuf_cottage,
          uniq_duvessa, uniq_pikel

Skill      XL: |  1  2  3  4  5  6 |
---------------+-------------------+-----
Fighting       | 1 2 3 |  3.4
Necromancy     | 5 6 7 |  7.3
Spellcasting   | 3 |  3.8
Dodging        | |  1.7
Stealth        | |  1.7

Action                     |  1- 3 |  4- 6 |  7- 9 || total
---------------------------+-------+-------+-------++-------
  Melee: Dagger            |    66 |    28 |     5 ||    99
         Unarmed           |     3 |       |       ||     3
         Punch             |     2 |     1 |       ||     3
         Short sword       |       |    82 |       ||    82
  Throw: Throwing net      |       |     1 |     1 ||     2
   Cast: Necrotise         |    44 |    27 |       ||    71
         Vampiric Draining |       |     7 |     1 ||     8
         Animate Dead      |       |     2 |       ||     2
    Use: Scroll            |       |     3 |       ||     3
         Potion            |       |       |     1 ||     1
   Stab: Sleeping          |     2 |     9 |       ||    11
         Distracted        |       |     1 |       ||     1
         Held in net/web   |       |     1 |       ||     1
 Armour: Robe              |    42 |    75 |     9 ||   126
  Dodge: Dodged            |    67 |    73 |     9 ||   149
  Block: Other             |       |    14 |     1 ||    15

Table legend: (Time is in decaauts)
 A = Elapsed time spent in this place.
 B = Non-inter-level travel time spent in this place.
 C = Inter-level travel time spent in this place.
 D = Time resting spent in this place.
 E = Time spent auto-exploring this place.
 F = Levels seen in this place.
 G = Mean time per level.
                   A        B        C        D        E       F      G
               +--------+--------+--------+--------+--------+-----+--------+
         Total |   4233 |   4114 |    119 |    270 |   3143 |   4 | 1058.2 |
       Dungeon |   4233 |   4114 |    119 |    270 |   3143 |   4 | 1058.2 |
               +--------+--------+--------+--------+--------+-----+--------+

Top non-repeatable levels by time:
     D:3: 1444 daAuts
     D:2: 1155 daAuts
     D:1: 1034 daAuts
     D:4: 599 daAuts
